 Dungeon Crawl Stone Soup version 0.19.1 (webtiles) character file.

58 M4edhros the Grave Robber (level 4, 0/27 HPs)
             Began as an Octopode Necromancer on Dec 20, 2016.
             Succumbed to a worker ant's poison
             ... on level 3 of the Dungeon.
             The game lasted 00:04:14 (694 turns).

M4edhros the Grave Robber (Octopode Necromancer)     Turns: 694, Time: 00:04:15

Health: 0/27       AC:  1    Str:  6 (7)  XL:     4   Next: 1%
Magic:  1/7        EV: 13    Int: 15 (17) God:
Gold:   17         SH:  0    Dex: 12 (13) Spells: 3 memorised, 2 levels left

rFire  . . .     SeeInvis .       - Unarmed
rCold  . . .     Gourm    .     (no shield)
rNeg   . . .     Faith    .     (helmet restricted)
rPois  .         Spirit   .     (no amulet)
rElec  .         Reflect  .     e - ring of resist corrosion
rCorr  +         Harm     .     (no ring)
MR     .....                    (no ring)
Stlth  ++++......               (no ring)
                                (no ring)
                                (no ring)
                                (no ring)
                                (no ring)

@: lethally poisoned (0 -> -2), very slightly contaminated
A: almost no armour, stealthy swim, amphibious, 8 rings, constrict 8, camouflage
1, gelatinous body 1
a: no special abilities


You were on level 3 of the Dungeon.
You were not hungry.

You visited 1 branch of the dungeon, and saw 3 of its levels.

You collected 17 gold pieces.

Inventory:

Missiles
 c - 7 curare-tipped needles
Jewellery
 e - a ring of resist corrosion (left tentacle)
Scrolls
 g - 3 scrolls of remove curse
Books
 a - a book of Necromancy

   Spells                             Type                      Level
   a - Pain                           Necromancy                   1
   b - Animate Skeleton               Necromancy                   1
   c - Vampiric Draining              Necromancy                   3
   d - Regeneration                   Charms/Necromancy            3
   e - Animate Dead                   Necromancy                   4
   f - Control Undead                 Necromancy                   4
Comestibles
 b - 3 bread rations
 d - 5 chunks of flesh
 f - a meat ration


   Skills:
 - Level 2.0 Dodging
 - Level 2.6 Stealth
 + Level 3.4 Unarmed Combat
 - Level 2.0 Spellcasting
 - Level 4.0 Necromancy


You had 2 spell levels left.
You knew the following spells:

 Your Spells              Type           Power        Failure   Level  Hunger
a - Pain                  Necr           ##..         4%          1    #......
b - Animate Skeleton      Necr           N/A          4%          1    #......
c - Regeneration          Chrm/Necr      #.........   30%         3    ###....


Dungeon Overview and Level Annotations

Branches:
Dungeon (3/15)

Altars:


Innate Abilities, Weirdness & Mutations

You cannot wear most types of armour.
You are very stealthy in the water. (Stealth+)
You are amphibious.
You can wear up to eight rings at the same time.
You can use your tentacles to constrict eight enemies at once.
Your skin changes colour to match your surroundings (Stealth+).
Your rubbery body absorbs attacks. (AC +1, EV +1)


Message History

Multicoloured lights dance before your eyes!
* * * LOW HITPOINT WARNING * * *
You feel sick.
You aren't carrying any potions.
As you read the scroll labeled QYESSOCWYI, it crumbles to dust.
It is a scroll of recharging.
You aren't carrying any rechargeable items.
As you read the scroll labeled KAEBLUL ASIU, it crumbles to dust.
You feel strangely unstable.
It was a scroll of teleportation.
* * * LOW HITPOINT WARNING * * *
You feel sick.
Your surroundings suddenly seem different.
Floosh!
* * * LOW HITPOINT WARNING * * *
You feel sick.
* * * LOW HITPOINT WARNING * * *
You feel sick.
* * * LOW HITPOINT WARNING * * *
You feel sick.
You die...

#########
########≈≈≈≈≈≈≈≈
####≈≈≈≈≈≈≈@≈≈≈≈≈≈≈
##≈≈≈≈#####≈≈≈≈≈≈≈≈≈
#≈≈≈≈≈# ##########
#≈≈≈≈≈# ##≈≈≈≈≈#
#≈≈≈≈≈≈## #≈≈≈≈≈≈≈#
#≈≈≈≈≈≈≈# #≈≈≈≈≈≈≈#


There were no monsters in sight!

Vanquished Creatures
  An adder (D:3)
  An ooze (D:1)
  2 leopard geckos (D:1)
  An orc (D:3)
  A goblin (D:1)
  6 hobgoblins (D:1)
  2 bats (D:1)
  4 kobolds (D:1)
  3 rats
21 creatures vanquished.

Vanquished Creatures (collateral kills)
  A worker ant (D:3)
1 creature vanquished.

Grand Total: 22 creatures vanquished

Notes
Turn   | Place    | Note
-------+----------+-------------------------------------------
     0 | D:1      | M4edhros the Octopode Necromancer began the quest for the Orb.
     0 | D:1      | Reached XP level 1. HP: 11/11 MP: 3/3
    49 | D:1      | Reached skill level 1 in Unarmed Combat
   105 | D:1      | Reached XP level 2. HP: 1/17 MP: 0/5
   117 | D:1      | Learned a level 1 spell: Animate Skeleton
   379 | D:1      | Reached XP level 3. HP: 3/21 MP: 1/6
   384 | D:1      | Learned a level 3 spell: Regeneration
   662 | D:3      | Reached XP level 4. HP: 10/27 MP: 1/7
   690 | D:3      | HP: 1/27 [poisoned by a worker ant]
   694 | D:3      | Succumbed to a worker ant's poison

Skill      XL: |  1  2  3 |
---------------+----------+-----
Unarmed Combat | 1 2 3 |  3.4
Dodging        | |  2.0
Stealth        | |  2.6
Spellcasting   | |  2.0
Necromancy     | |  4.0

Action                   |  1- 3 |  4- 6 || total
-------------------------+-------+-------++-------
Melee: Unarmed           |    21 |       ||    21
       Constrict         |     5 |       ||     5
       Tentacles         |     3 |       ||     3
 Cast: Pain              |    35 |       ||    35
       Animate Skeleton  |     7 |       ||     7
       Regeneration      |     5 |       ||     5
  Use: Scroll            |     2 |     2 ||     4
       Potion            |     2 |       ||     2
 Stab: Sleeping          |     2 |       ||     2
  Eat: Chunk             |       |     1 ||     1
Armor: Skin              |     3 |       ||     3
Dodge: Dodged            |    20 |       ||    20
